Rangers vs Penguins

Created - November 14, 2019 at 19:00

Goals
1 2 3 T
Rangers 0 0 2 2
Penguins 2 0 1 3
Shots
1 2 3 T
Rangers 3 11 13 27
Penguins 10 2 17 29

1st period

1. Penguins , Andrew Cogliano 6 (Steven Stamkos 7, Christian Ehrhoff 2) at 4:07
2. Penguins , Cal Clutterbuck 2 (Teuvo Teravainen 2, Christian Ehrhoff 3) at 10:27

Penalties :
Keith Aulie (Pit) for Holding (Minor) at 12:31

2nd period

No Goal

Penalties :
Josh Jooris (Pit) for Holding (Minor) at 5:46, Kyle Okposo (NYR) for Holding (Minor) at 10:54

3rd period

3. Penguins , Dustin Brown 4 (Marcus Foligno 1) at 7:51
4. Rangers , Matt Read 4 (Chris Bourque 4, Sean Couturier 7) at 11:11
5. Rangers , Milan Lucic 8 (Patrice Bergeron 10) at 11:43

Penalties :
Steven Stamkos (Pit) for Holding (Minor) at 0:24, Brady Skjei (Pit) for Hooking (Minor) at 15:06

Goalie Stats

Frederik Andersen (NYR), 26 saves from 29 shots - (0.897), L, 5-3-0, 59:05 minutes
Michal Neuvirth (Pit), 25 saves from 27 shots - (0.926), W, 6-3-1, 60:00 minutes

Players Stats for Rangers

Player Name              G  A  P  +/- PIM S  H  SB GA TA FO     MP     PP MP  PK MP  
------------------------------------------------------------------------------------
Alexei Emelin            0  0  0   1  0   1  1  2  0  0  0/0    11:49   0:00   0:00 
Cam Barker               0  0  0   0  0   1  0  0  0  1  0/0    27:11   4:36   1:06 
Chris Bourque            0  1  1   1  0   2  1  1  0  0  0/2    14:19   0:18   0:40 
Colten Teubert           0  0  0   1  0   0  0  0  0  1  0/0    12:27   0:00   0:00 
Gustav Nyquist           0  0  0   0  0   0  1  0  0  0  0/0     9:43   0:18   0:40 
Jakob Silfverberg        0  0  0  -1  0   5  3  0  0  1  3/3    21:01   4:13   0:35 
James Neal               0  0  0  -1  0   1  2  0  0  0  0/0    18:18   3:25   0:00 
Kyle Okposo              0  0  0  -1  2   1  2  0  0  0  0/0    17:45   3:25   0:00 
Luke Schenn              0  0  0   0  0   2  3  1  2  0  0/0    24:32   4:36   1:06 
Mark Fistric             0  0  0  -2  0   0  2  0  0  0  0/0    20:22   3:20   0:53 
Matt Greene              0  0  0  -2  0   0  2  0  0  0  0/0    20:22   3:20   0:53 
Matt Read                1  0  1   1  0   1  1  0  1  1  0/0    13:00   0:18   0:00 
Maxime Sauvé             0  0  0   0  0   0  1  0  0  0  0/0     6:00   0:00   0:00 
Milan Lucic              1  0  1  -1  0   3  2  0  0  1  2/2    25:13   4:13   0:58 
Patrice Bergeron         0  1  1  -1  0   6  3  1  1  0  17/34  22:05   4:13   0:58 
Patrik Nemeth            0  0  0   0  0   0  0  0  0  0  0/0     3:20   0:00   0:00 
Sean Couturier           0  1  1  -1  0   3  1  0  0  1  2/11   18:29   3:25   0:07 
Tomas Hertl              0  0  0   1  0   1  1  0  0  0  1/3    12:04   0:00   0:00 

Players Stats for Penguins

Player Name              G  A  P  +/- PIM S  H  SB GA TA FO     MP     PP MP  PK MP  
------------------------------------------------------------------------------------
Andrew Cogliano          1  0  1   0  0   2  3  1  0  0  1/2    21:33   0:59   3:09 
Brady Skjei              0  0  0  -1  2   2  2  1  0  0  0/0    22:55   1:25   2:24 
Cal Clutterbuck          1  0  1   0  0   4  0  0  1  0  0/0     9:40   0:00   0:00 
Christian Ehrhoff        0  2  2   1  0   0  1  0  0  0  0/0    15:08   0:00   1:55 
David Booth              0  0  0   1  0   1  2  0  1  1  1/1    15:30   1:00   0:49 
Dustin Brown             1  0  1   1  0   4  1  0  0  0  0/1    14:22   1:00   0:00 
Eric Gryba               0  0  0   1  0   1  2  0  0  0  0/0    21:41   0:34   3:41 
Joe Colborne             0  0  0   0  0   0  0  0  0  0  3/5     9:16   0:00   0:00 
Josh Jooris              0  0  0   0  2   0  1  0  0  0  0/0     9:16   0:00   0:00 
Keith Aulie              0  0  0   1  2   2  2  1  0  0  0/0    21:46   0:34   3:15 
Logan Couture            0  0  0   0  0   2  2  1  0  1  2/3    13:46   1:00   3:16 
Marcus Foligno           0  1  1   0  0   0  0  0  0  0  0/0     9:16   0:00   0:00 
Roman Josi               0  0  0   1  0   0  1  0  0  0  0/0    13:08   0:00   0:00 
Ryan O'Reilly            0  0  0   1  0   0  1  0  0  0  8/9    15:38   0:00   1:49 
Sean Zimmerman           0  0  0  -1  0   2  1  2  1  1  0/0    25:28   1:25   4:37 
Steven Stamkos           0  1  1   0  2   3  1  0  3  0  13/32  21:45   0:59   3:01 
Teuvo Teravainen         0  1  1   0  0   2  1  0  0  0  0/0     9:40   0:00   0:00 
Wayne Simmonds           0  0  0   0  0   4  1  0  0  1  2/2    22:12   0:59   3:48 

3 Stars

1 - Andrew Cogliano (Pit)
2 - Dustin Brown (Pit)
3 - Christian Ehrhoff (Pit)

Power Play

Rangers - 0 on 4 Attempt(s) - 0.00%
Penguins - 0 on 1 Attempt(s) - 0.00%

Penalty Kill

Rangers - 1 on 1 Attempt(s) - 100.00% - Score 0 goal in Penalty Kill
Penguins - 4 on 4 Attempt(s) - 100.00% - Score 0 goal in Penalty Kill

Team Stat

Rangers - Hits : 26 - Faceoff Wins : 25 - Blocked Shots : 5 - Penalty Minutes : 2
Penguins - Hits : 22 - Faceoff Wins : 30 - Blocked Shots : 6 - Penalty Minutes : 8

Official

Referees : Unknown
Linesman : Unknown

Game Notes

No Game Note

Finance

Level 1 -- Attendance: 4749 (79.15%) -- Ticket Income $569,880
Level 2 -- Attendance: 4286 (85.72%) -- Ticket Income $300,020
Level 3 -- Attendance: 1719 (85.95%) -- Ticket Income $77,355
Level 4 -- Attendance: 3041 (76.03%) -- Ticket Income $106,435
Luxury Box -- Attendance: 768 (76.80%) -- Ticket Income $153,600
Game was played at the Igloo.
Total Attendance: 14563 (80.91%)
Total Ticket Income: $1,207,290
Other Income: $181,094
Total Income: $1,388,384

Rangers

5 vs 5 Forward 
   Center                   Left Wing                Right Wing               Time % Phy DF OF 
 1 Patrice Bergeron         Milan Lucic              Jakob Silfverberg        40     1   2  2  
 2 Sean Couturier           James Neal               Kyle Okposo              30     1   2  2  
 3 Tomas Hertl              Chris Bourque            Matt Read                20     1   2  2  
 4 Maxime Sauvé             Milan Lucic              Gustav Nyquist           10     1   2  2  

5 vs 5 Defense 
   Defense                  Defense                                           Time % Phy DF OF 
 1 Cam Barker               Luke Schenn                                       40     1   2  2  
 2 Mark Fistric             Matt Greene                                       30     1   2  2  
 3 Colten Teubert           Alexei Emelin                                     20     1   2  2  
 4 Patrik Nemeth            Cam Barker                                        10     1   2  2  

PowerPlay Forward 
   Center                   Left Wing                Right Wing               Time % Phy DF OF 
 1 Patrice Bergeron         Milan Lucic              Jakob Silfverberg        60     1   2  2  
 2 Sean Couturier           James Neal               Kyle Okposo              40     1   2  2  

PowerPlay Defense
   Defense                  Defense                                           Time % Phy DF OF 
 1 Cam Barker               Luke Schenn                                       60     1   2  2  
 2 Mark Fistric             Matt Greene                                       40     1   2  2  

Penalty Kill 4 Players Forward 
   Center                   Wing                     Time % Phy DF OF 
 1 Milan Lucic              Patrice Bergeron         60     1   2  2  
 2 Jakob Silfverberg        Kyle Okposo              40     1   2  2  

Penalty Kill 4 Players Defense
   Defense                  Defense                  Time % Phy DF OF 
 1 Cam Barker               Luke Schenn              60     1   2  2  
 2 Mark Fistric             Matt Greene              40     1   2  2  

Penalty Kill - 3 Players Forward 
   Forward                                           Time % Phy DF OF 
 1 Milan Lucic                                       60     1   2  2  
 2 Patrice Bergeron                                  40     1   2  2  

Penalty Kill - 3 Players Defense
   Defense                  Defense                  Time % Phy DF OF 
 1 Cam Barker               Luke Schenn              60     1   2  2  
 2 Mark Fistric             Matt Greene              40     1   2  2  

4 vs 4 Forward 
   Center                   Wing                     Time % Phy DF OF 
 1 Milan Lucic              Patrice Bergeron         60     1   2  2  
 2 Jakob Silfverberg        Kyle Okposo              40     1   2  2  

4 vs 4 Defense
   Defense                  Defense                  Time % Phy DF OF 
 1 Cam Barker               Luke Schenn              60     1   2  2  
 2 Mark Fistric             Matt Greene              40     1   2  2  

Last Minutes Offensive
   Center                   Left Wing                Right Wing               Defense                  Defense                  
   Patrice Bergeron         Milan Lucic              Jakob Silfverberg        Cam Barker               Luke Schenn              

Last Minutes Defensive
   Center                   Left Wing                Right Wing               Defense                  Defense                  
   Patrice Bergeron         Milan Lucic              Jakob Silfverberg        Cam Barker               Luke Schenn              

Goaltenders
Starting : Frederik Andersen        
Backup : Mike Condon              

Extra Forwards
Normal : Matt Read, Chris Bourque, Gustav Nyquist - PP : Matt Read, Chris Bourque - PK : Gustav Nyquist
Extra Defensemen
Normal : Colten Teubert, Alexei Emelin, Patrik Nemeth - PP : Colten Teubert - PK : Alexei Emelin, Patrik Nemeth
Penalty Shots
Milan Lucic, Patrice Bergeron, Jakob Silfverberg, Kyle Okposo, James Neal

Scratches
Magnus Paajarvi-Svensson (Healthy)

Penguins

5 vs 5 Forward 
   Center                   Left Wing                Right Wing               Time % Phy DF OF 
 1 Steven Stamkos           Andrew Cogliano          Wayne Simmonds           40     1   2  2  
 2 Ryan O'Reilly            David Booth              Dustin Brown             30     1   2  2  
 3 Logan Couture            Teuvo Teravainen         Cal Clutterbuck          20     1   2  2  
 4 Joe Colborne             Marcus Foligno           Josh Jooris              10     1   2  2  

5 vs 5 Defense 
   Defense                  Defense                                           Time % Phy DF OF 
 1 Sean Zimmerman           Brady Skjei                                       44     1   2  2  
 2 Keith Aulie              Eric Gryba                                        33     1   2  2  
 3 Roman Josi               Christian Ehrhoff                                 23     1   2  2  
 4 Sean Zimmerman           Brady Skjei                                       0      1   2  2  

PowerPlay Forward 
   Center                   Left Wing                Right Wing               Time % Phy DF OF 
 1 Steven Stamkos           Andrew Cogliano          Wayne Simmonds           60     0   1  4  
 2 Logan Couture            David Booth              Dustin Brown             40     0   1  4  

PowerPlay Defense
   Defense                  Defense                                           Time % Phy DF OF 
 1 Sean Zimmerman           Brady Skjei                                       60     1   1  3  
 2 Keith Aulie              Eric Gryba                                        40     1   1  3  

Penalty Kill 4 Players Forward 
   Center                   Wing                     Time % Phy DF OF 
 1 Steven Stamkos           Wayne Simmonds           60     1   4  0  
 2 Logan Couture            Andrew Cogliano          40     1   4  0  

Penalty Kill 4 Players Defense
   Defense                  Defense                  Time % Phy DF OF 
 1 Sean Zimmerman           Keith Aulie              60     1   4  0  
 2 Eric Gryba               Brady Skjei              40     1   4  0  

Penalty Kill - 3 Players Forward 
   Forward                                           Time % Phy DF OF 
 1 Steven Stamkos                                    60     1   4  0  
 2 Logan Couture                                     40     1   4  0  

Penalty Kill - 3 Players Defense
   Defense                  Defense                  Time % Phy DF OF 
 1 Sean Zimmerman           Keith Aulie              60     1   4  0  
 2 Eric Gryba               Brady Skjei              40     1   4  0  

4 vs 4 Forward 
   Center                   Wing                     Time % Phy DF OF 
 1 Steven Stamkos           Andrew Cogliano          60     1   1  3  
 2 Ryan O'Reilly            Dustin Brown             40     1   1  3  

4 vs 4 Defense
   Defense                  Defense                  Time % Phy DF OF 
 1 Sean Zimmerman           Brady Skjei              60     1   2  2  
 2 Keith Aulie              Eric Gryba               40     1   2  2  

Last Minutes Offensive
   Center                   Left Wing                Right Wing               Defense                  Defense                  
   Steven Stamkos           Andrew Cogliano          Wayne Simmonds           Sean Zimmerman           Brady Skjei              

Last Minutes Defensive
   Center                   Left Wing                Right Wing               Defense                  Defense                  
   Steven Stamkos           Andrew Cogliano          Wayne Simmonds           Sean Zimmerman           Keith Aulie              

Goaltenders
Starting : Michal Neuvirth          
Backup : Sergei Bobrovsky         

Extra Forwards
Normal : Steven Stamkos, Ryan O'Reilly, Logan Couture - PP : Steven Stamkos, Ryan O'Reilly - PK : Logan Couture
Extra Defensemen
Normal : Sean Zimmerman, Eric Gryba, Christian Ehrhoff - PP : Keith Aulie - PK : Sean Zimmerman, Eric Gryba
Penalty Shots
Andrew Cogliano, Steven Stamkos, Wayne Simmonds, Ryan O'Reilly, David Booth

Scratches
Paul Ranger (Healthy), Riley Armstrong (Healthy)

% Time on Ice - Rangers

Lines # - Real PCT - Wanted PCT - Time Play
Normal Forward
1 - 33% - 40% - 16:02
2 - 30% - 30% - 14:49
3 - 25% - 20% - 12:01
4 - 12% - 10% - 6:00
Normal Defense
1 - 37% - 40% - 18:04
2 - 32% - 30% - 15:42
3 - 24% - 20% - 11:46
4 - 7% - 10% - 3:20
PP Forward
1 - 57% - 60% - 4:31
2 - 43% - 40% - 3:25
PP Defense
1 - 58% - 60% - 4:36
2 - 42% - 40% - 3:20
PK Forward
1 - 71% - 60% - 1:24
2 - 29% - 40% - 0:35
PK Defense
1 - 55% - 60% - 1:06
2 - 45% - 40% - 0:53
PK3 Forward
1 - 0% - 60%
2 - 0% - 40%
PK3 Defense
1 - 0% - 60%
2 - 0% - 40%
44 Forward
1 - 0% - 60%
2 - 0% - 40%
44 Defense
1 - 0% - 60%
2 - 0% - 40%
Last Minute Offensive  - 1:13
Last Minute Defensive  - 0:00
Total
Forward - 60:00
Defense - 60:00

% Time on Ice - Penguins

Lines # - Real PCT - Wanted PCT - Time Play
Normal Forward
1 - 34% - 40% - 16:34
2 - 27% - 30% - 13:22
3 - 20% - 20% - 9:40
4 - 19% - 10% - 9:16
Normal Defense
1 - 40% - 44% - 19:30
2 - 33% - 33% - 16:14
3 - 27% - 23% - 13:08
4 - 0% - 0% - 0:00
PP Forward
1 - 50% - 60% - 0:59
2 - 50% - 40% - 1:00
PP Defense
1 - 71% - 60% - 1:25
2 - 29% - 40% - 0:34
PK Forward
1 - 85% - 60% - 6:43
2 - 15% - 40% - 1:13
PK Defense
1 - 59% - 60% - 4:41
2 - 41% - 40% - 3:15
PK3 Forward
1 - 0% - 60%
2 - 0% - 40%
PK3 Defense
1 - 0% - 60%
2 - 0% - 40%
44 Forward
1 - 0% - 60%
2 - 0% - 40%
44 Defense
1 - 0% - 60%
2 - 0% - 40%
Last Minute Offensive  - 0:00
Last Minute Defensive  - 1:13
Total
Forward - 60:00
Defense - 60:00

Play-by-Play

1st period


0:01 of 1st period - Patrice Bergeron wins face-off versus Steven Stamkos in neutral zone.
0:04 of 1st period - Backhand shot by Milan Lucic.
0:04 of 1st period - Shot Blocked by Sean Zimmerman.
0:06 of 1st period - Snap shot by Luke Schenn.
0:06 of 1st period - Shot Misses the Net.
0:08 of 1st period - Slapshot by Cam Barker.
0:08 of 1st period - Deflect By Patrice Bergeron.
0:08 of 1st period - Shot Misses the Net.
0:08 of 1st period - Puck is out of play.
0:09 of 1st period - Milan Lucic wins face-off versus Steven Stamkos in Penguins zone.
0:32 of 1st period - Wrist shot by Jakob Silfverberg.
0:32 of 1st period - Stopped by Michal Neuvirth without a rebound.
0:33 of 1st period - Sean Couturier wins face-off versus Dustin Brown in Penguins zone.
1:03 of 1st period - Off-side.
1:04 of 1st period - Joe Colborne wins face-off versus Chris Bourque in neutral zone.
1:19 of 1st period - Snap shot by Chris Bourque.
1:19 of 1st period - Shot Misses the Net.
1:38 of 1st period - Wrist shot by Logan Couture.
1:38 of 1st period - Stopped by Frederik Andersen without a rebound.
1:39 of 1st period - Ryan O'Reilly wins face-off versus Patrice Bergeron in Rangers zone.
1:40 of 1st period - Snap shot by David Booth.
1:40 of 1st period - Deflect By Dustin Brown.
1:40 of 1st period - Stopped by Frederik Andersen without a rebound.
1:41 of 1st period - Ryan O'Reilly wins face-off versus Patrice Bergeron in Rangers zone.
3:04 of 1st period - Snap shot by Gustav Nyquist.
3:04 of 1st period - Deflect By Logan Couture.
3:04 of 1st period - Shot Blocked by Logan Couture.
3:04 of 1st period - Puck is out of play.
3:05 of 1st period - Patrice Bergeron wins face-off versus Steven Stamkos in Penguins zone.
3:14 of 1st period - Slapshot by Steven Stamkos.
3:14 of 1st period - Stopped by Frederik Andersen without a rebound.
3:15 of 1st period - Patrice Bergeron wins face-off versus Andrew Cogliano in Rangers zone.
4:07 of 1st period - Wrist shot by Andrew Cogliano.
4:07 of 1st period - Goal by Andrew Cogliano - Rangers : 0 - Penguins : 1.
4:08 of 1st period - Sean Couturier wins face-off versus Ryan O'Reilly in neutral zone.
5:22 of 1st period - Kyle Okposo is hit by Eric Gryba and loses puck.
5:47 of 1st period - Snap shot by Ryan O'Reilly.
5:47 of 1st period - Shot Misses the Net.
6:01 of 1st period - Sean Zimmerman is hit by Chris Bourque.
6:06 of 1st period - Off-side.
6:07 of 1st period - Steven Stamkos wins face-off versus Sean Couturier in neutral zone.
6:34 of 1st period - Dustin Brown is hit by Mark Fistric.
7:34 of 1st period - Eric Gryba is hit by Luke Schenn and loses puck.
7:41 of 1st period - Slapshot by Keith Aulie.
7:41 of 1st period - Shot Misses the Net.
8:45 of 1st period - Steven Stamkos is hit by Matt Read and loses puck.
8:56 of 1st period - Wrist shot by Steven Stamkos.
8:56 of 1st period - Shot Blocked by Chris Bourque.
9:08 of 1st period - Snap shot by Cal Clutterbuck.
9:08 of 1st period - Stopped by Frederik Andersen with a rebound.
9:10 of 1st period - Slapshot by Sean Zimmerman.
9:10 of 1st period - Stopped by Frederik Andersen with a rebound.
10:20 of 1st period - Cam Barker is hit by Roman Josi and loses puck.
10:25 of 1st period - Backhand shot by Cal Clutterbuck.
10:25 of 1st period - Deflect By Teuvo Teravainen.
10:25 of 1st period - Stopped by Frederik Andersen with a rebound.
10:27 of 1st period - Snap shot by Cal Clutterbuck.
10:27 of 1st period - Goal by Cal Clutterbuck - Rangers : 0 - Penguins : 2.
10:28 of 1st period - David Booth wins face-off versus Patrice Bergeron in neutral zone.
10:31 of 1st period - Snap shot by Dustin Brown.
10:31 of 1st period - Stopped by Frederik Andersen without a rebound.
10:32 of 1st period - Ryan O'Reilly wins face-off versus Patrice Bergeron in Rangers zone.
10:47 of 1st period - Snap shot by Jakob Silfverberg.
10:47 of 1st period - Stopped by Michal Neuvirth without a rebound.
10:48 of 1st period - Steven Stamkos wins face-off versus Sean Couturier in Penguins zone.
10:53 of 1st period - Wrist shot by Kyle Okposo.
10:53 of 1st period - Stopped by Michal Neuvirth with a rebound.
11:13 of 1st period - Milan Lucic is hit by Ryan O'Reilly and loses puck.
11:22 of 1st period - Snap shot by Ryan O'Reilly.
11:22 of 1st period - Shot Misses the Net.
12:07 of 1st period - Off-side.
12:08 of 1st period - Patrice Bergeron wins face-off versus Steven Stamkos in neutral zone.
12:31 of 1st period - Minor Penalty to Keith Aulie for Holding.
12:32 of 1st period - Patrice Bergeron wins face-off versus Steven Stamkos in Penguins zone.
12:45 of 1st period - Snap shot by Patrice Bergeron.
12:45 of 1st period - Shot Misses the Net.
14:31 of 1st period - Penalty to Keith Aulie is over, Keith Aulie is back on ice.
14:54 of 1st period - Tomas Hertl is hit by Josh Jooris and loses puck.
15:20 of 1st period - Slapshot by Cal Clutterbuck.
15:20 of 1st period - Stopped by Frederik Andersen with a rebound.
16:28 of 1st period - Brady Skjei is hit by James Neal and loses puck.
16:39 of 1st period - Chris Bourque is hit by Andrew Cogliano and loses puck.
16:54 of 1st period - Roman Josi is hit by Milan Lucic and loses puck.
17:35 of 1st period - Christian Ehrhoff is hit by Kyle Okposo and loses puck.
18:09 of 1st period - Maxime Sauvé is hit by David Booth and loses puck.
18:21 of 1st period - Off-side.
18:22 of 1st period - Patrice Bergeron wins face-off versus Joe Colborne in neutral zone.
18:47 of 1st period - Chris Bourque is hit by Andrew Cogliano and loses puck.
19:55 of 1st period - Slapshot by Steven Stamkos.
19:55 of 1st period - Shot Misses the Net.
Goals for this period are 0 for Rangers vs 2 for Penguins.
Shots for this period are 3 for Rangers vs 10 for Penguins.

2nd period


0:01 of 2nd period - Patrice Bergeron wins face-off versus Steven Stamkos in neutral zone.
0:04 of 2nd period - Slapshot by Luke Schenn.
0:04 of 2nd period - Stopped by Michal Neuvirth without a rebound.
0:05 of 2nd period - Andrew Cogliano wins face-off versus Patrice Bergeron in Penguins zone.
0:57 of 2nd period - James Neal is hit by Keith Aulie and loses puck.
2:57 of 2nd period - Snap shot by Dustin Brown.
2:57 of 2nd period - Stopped by Frederik Andersen without a rebound.
2:58 of 2nd period - Patrice Bergeron wins face-off versus Steven Stamkos in Rangers zone.
3:12 of 2nd period - Wrist shot by Milan Lucic.
3:12 of 2nd period - Deflect By Patrice Bergeron.
3:12 of 2nd period - Shot Misses the Net.
3:12 of 2nd period - Puck is out of play.
3:13 of 2nd period - Jakob Silfverberg wins face-off versus Steven Stamkos in Penguins zone.
3:14 of 2nd period - Snap shot by Patrice Bergeron.
3:14 of 2nd period - Stopped by Michal Neuvirth without a rebound.
3:15 of 2nd period - Wayne Simmonds wins face-off versus Patrice Bergeron in Penguins zone.
3:15 of 2nd period - Wayne Simmonds is hit by Matt Greene.
4:29 of 2nd period - Snap shot by Logan Couture.
4:29 of 2nd period - Deflect By Milan Lucic.
4:29 of 2nd period - Shot Misses the Net.
4:29 of 2nd period - Puck is out of play.
4:30 of 2nd period - Patrice Bergeron wins face-off versus Logan Couture in Rangers zone.
4:55 of 2nd period - David Booth is hit by James Neal.
5:35 of 2nd period - Snap shot by Tomas Hertl.
5:35 of 2nd period - Stopped by Michal Neuvirth without a rebound.
5:36 of 2nd period - Joe Colborne wins face-off versus Patrice Bergeron in Penguins zone.
5:46 of 2nd period - Minor Penalty to Josh Jooris for Holding.
5:47 of 2nd period - Steven Stamkos wins face-off versus Patrice Bergeron in Penguins zone.
6:11 of 2nd period - Wayne Simmonds is hit by Luke Schenn and loses puck.
7:28 of 2nd period - Brady Skjei is hit by Kyle Okposo and loses puck.
7:46 of 2nd period - Penalty to Josh Jooris is over, Josh Jooris is back on ice.
8:11 of 2nd period - Alexei Emelin is hit by Christian Ehrhoff and loses puck.
9:27 of 2nd period - Icing by Keith Aulie.
9:28 of 2nd period - Jakob Silfverberg wins face-off versus Joe Colborne in Penguins zone.
9:29 of 2nd period - Snap shot by Patrice Bergeron.
9:29 of 2nd period - Stopped by Michal Neuvirth without a rebound.
9:30 of 2nd period - Joe Colborne wins face-off versus Patrice Bergeron in Penguins zone.
9:39 of 2nd period - Snap shot by Joe Colborne.
9:39 of 2nd period - Shot Misses the Net.
9:59 of 2nd period - Snap shot by Cam Barker.
9:59 of 2nd period - Shot Blocked by Keith Aulie.
10:01 of 2nd period - Slapshot by Sean Couturier.
10:01 of 2nd period - Deflect By Keith Aulie.
10:01 of 2nd period - Stopped by Michal Neuvirth without a rebound.
10:02 of 2nd period - Steven Stamkos wins face-off versus Chris Bourque in Penguins zone.
10:54 of 2nd period - Minor Penalty to Kyle Okposo for Holding.
10:55 of 2nd period - Milan Lucic wins face-off versus Steven Stamkos in Rangers zone.
10:55 of 2nd period - Milan Lucic is hit by Steven Stamkos.
11:28 of 2nd period - Cam Barker is hit by Logan Couture.
11:38 of 2nd period - Gustav Nyquist is hit by Dustin Brown and loses puck.
12:20 of 2nd period - Luke Schenn is hit by Logan Couture and loses puck.
12:54 of 2nd period - Penalty to Kyle Okposo is over, Kyle Okposo is back on ice.
13:36 of 2nd period - Snap shot by Teuvo Teravainen.
13:36 of 2nd period - Stopped by Frederik Andersen with a rebound.
14:14 of 2nd period - Wayne Simmonds is hit by Gustav Nyquist and loses puck.
14:44 of 2nd period - Chris Bourque is hit by David Booth and loses puck.
14:55 of 2nd period - Joe Colborne is hit by Sean Couturier and loses puck.
15:13 of 2nd period - Sean Zimmerman is hit by Matt Greene and loses puck.
16:01 of 2nd period - Ryan O'Reilly is hit by Jakob Silfverberg and loses puck.
16:12 of 2nd period - James Neal is hit by Eric Gryba and loses puck.
16:27 of 2nd period - Christian Ehrhoff is hit by Alexei Emelin and loses puck.
16:51 of 2nd period - Slapshot by Jakob Silfverberg.
16:51 of 2nd period - Stopped by Michal Neuvirth with a rebound.
16:53 of 2nd period - Snap shot by Jakob Silfverberg.
16:53 of 2nd period - Stopped by Michal Neuvirth without a rebound.
16:54 of 2nd period - Ryan O'Reilly wins face-off versus Patrice Bergeron in Penguins zone.
16:54 of 2nd period - Ryan O'Reilly is hit by Mark Fistric.
17:02 of 2nd period - Slapshot by Keith Aulie.
17:02 of 2nd period - Shot Misses the Net.
17:20 of 2nd period - James Neal is hit by Wayne Simmonds and loses puck.
17:41 of 2nd period - Backhand shot by Matt Greene.
17:41 of 2nd period - Shot Blocked by Sean Zimmerman.
17:51 of 2nd period - Matt Read is hit by Teuvo Teravainen and loses puck.
18:38 of 2nd period - Wrist shot by Kyle Okposo.
18:38 of 2nd period - Shot Hit the Post.
18:40 of 2nd period - Snap shot by James Neal.
18:40 of 2nd period - Deflect By Sean Couturier.
18:40 of 2nd period - Stopped by Michal Neuvirth with a rebound.
18:42 of 2nd period - Snap shot by Sean Couturier.
18:42 of 2nd period - Stopped by Michal Neuvirth with a rebound.
18:44 of 2nd period - Slapshot by Alexei Emelin.
18:44 of 2nd period - Deflect By Joe Colborne.
18:44 of 2nd period - Stopped by Michal Neuvirth with a rebound.
19:04 of 2nd period - Snap shot by Logan Couture.
19:04 of 2nd period - Shot Misses the Net.
19:06 of 2nd period - Snap shot by Cal Clutterbuck.
19:06 of 2nd period - Shot Misses the Net.
19:08 of 2nd period - Slapshot by Keith Aulie.
19:08 of 2nd period - Deflect By Cal Clutterbuck.
19:08 of 2nd period - Shot Blocked by Alexei Emelin.
19:08 of 2nd period - Puck is out of play.
19:09 of 2nd period - Steven Stamkos wins face-off versus Sean Couturier in Rangers zone.
19:43 of 2nd period - Slapshot by James Neal.
19:43 of 2nd period - Stopped by Michal Neuvirth without a rebound.
19:44 of 2nd period - Ryan O'Reilly wins face-off versus Patrice Bergeron in Penguins zone.
19:55 of 2nd period - Dustin Brown is hit by Milan Lucic.
Goals for this period are 0 for Rangers vs 0 for Penguins.
Shots for this period are 11 for Rangers vs 2 for Penguins.

3rd period


0:01 of 3rd period - Steven Stamkos wins face-off versus Patrice Bergeron in neutral zone.
0:04 of 3rd period - Snap shot by Sean Zimmerman.
0:04 of 3rd period - Shot Misses the Net.
0:24 of 3rd period - Minor Penalty to Steven Stamkos for Holding.
0:25 of 3rd period - Logan Couture wins face-off versus Patrice Bergeron in Penguins zone.
1:00 of 3rd period - Wrist shot by Kyle Okposo.
1:00 of 3rd period - Shot Misses the Net.
1:02 of 3rd period - Backhand shot by Luke Schenn.
1:02 of 3rd period - Stopped by Michal Neuvirth with a rebound.
2:24 of 3rd period - Penalty to Steven Stamkos is over, Steven Stamkos is back on ice.
2:54 of 3rd period - Christian Ehrhoff is hit by Maxime Sauvé and loses puck.
3:21 of 3rd period - Snap shot by Wayne Simmonds.
3:21 of 3rd period - Shot Blocked by Alexei Emelin.
4:03 of 3rd period - Slapshot by Brady Skjei.
4:03 of 3rd period - Stopped by Frederik Andersen without a rebound.
4:04 of 3rd period - Tomas Hertl wins face-off versus Steven Stamkos in Rangers zone.
4:13 of 3rd period - Wrist shot by Steven Stamkos.
4:13 of 3rd period - Stopped by Frederik Andersen without a rebound.
4:14 of 3rd period - Steven Stamkos wins face-off versus Sean Couturier in Rangers zone.
4:17 of 3rd period - Slapshot by Wayne Simmonds.
4:17 of 3rd period - Stopped by Frederik Andersen with a rebound.
5:20 of 3rd period - Marcus Foligno is hit by Luke Schenn and loses puck.
5:41 of 3rd period - Patrice Bergeron is hit by Brady Skjei and loses puck.
5:48 of 3rd period - Snap shot by Andrew Cogliano.
5:48 of 3rd period - Shot Misses the Net.
5:50 of 3rd period - Slapshot by Keith Aulie.
5:50 of 3rd period - Deflect By Wayne Simmonds.
5:50 of 3rd period - Stopped by Frederik Andersen with a rebound.
5:52 of 3rd period - Wrist shot by Andrew Cogliano.
5:52 of 3rd period - Shot Misses the Net.
6:18 of 3rd period - Wrist shot by Keith Aulie.
6:18 of 3rd period - Stopped by Frederik Andersen with a rebound.
7:27 of 3rd period - Snap shot by Logan Couture.
7:27 of 3rd period - Stopped by Frederik Andersen with a rebound.
7:29 of 3rd period - Wrist shot by Cal Clutterbuck.
7:29 of 3rd period - Stopped by Frederik Andersen with a rebound.
7:31 of 3rd period - Slapshot by Sean Zimmerman.
7:31 of 3rd period - Stopped by Frederik Andersen with a rebound.
7:51 of 3rd period - Snap shot by Dustin Brown.
7:51 of 3rd period - Goal by Dustin Brown - Rangers : 0 - Penguins : 3.
7:52 of 3rd period - Steven Stamkos wins face-off versus Sean Couturier in neutral zone.
7:57 of 3rd period - Snap shot by Andrew Cogliano.
7:57 of 3rd period - Deflect By Steven Stamkos.
7:57 of 3rd period - Stopped by Frederik Andersen without a rebound.
7:58 of 3rd period - Steven Stamkos wins face-off versus Sean Couturier in Rangers zone.
8:01 of 3rd period - Wrist shot by Wayne Simmonds.
8:01 of 3rd period - Shot Misses the Net.
8:09 of 3rd period - Wrist shot by Cam Barker.
8:09 of 3rd period - Stopped by Michal Neuvirth with a rebound.
8:13 of 3rd period - Snap shot by Kyle Okposo.
8:13 of 3rd period - Shot Misses the Net.
8:23 of 3rd period - Milan Lucic is hit by Keith Aulie.
8:33 of 3rd period - Slapshot by Keith Aulie.
8:33 of 3rd period - Stopped by Frederik Andersen with a rebound.
8:47 of 3rd period - Wrist shot by Matt Read.
8:47 of 3rd period - Deflect By Chris Bourque.
8:47 of 3rd period - Deflect By Logan Couture.
8:47 of 3rd period - Stopped by Michal Neuvirth without a rebound.
8:48 of 3rd period - Logan Couture wins face-off versus Tomas Hertl in Penguins zone.
8:54 of 3rd period - Off-side.
8:55 of 3rd period - Patrice Bergeron wins face-off versus Steven Stamkos in neutral zone.
9:26 of 3rd period - Snap shot by Ryan O'Reilly.
9:26 of 3rd period - Shot Misses the Net.
9:36 of 3rd period - Cam Barker is hit by Brady Skjei and loses puck.
10:16 of 3rd period - Snap shot by Joe Colborne.
10:16 of 3rd period - Shot Blocked by Patrice Bergeron.
10:18 of 3rd period - Slapshot by Eric Gryba.
10:18 of 3rd period - Stopped by Frederik Andersen without a rebound.
10:19 of 3rd period - Wayne Simmonds wins face-off versus Patrice Bergeron in Rangers zone.
10:22 of 3rd period - Wrist shot by Wayne Simmonds.
10:22 of 3rd period - Stopped by Frederik Andersen with a rebound.
10:32 of 3rd period - Snap shot by Jakob Silfverberg.
10:32 of 3rd period - Stopped by Michal Neuvirth with a rebound.
10:34 of 3rd period - Snap shot by Milan Lucic.
10:34 of 3rd period - Shot Blocked by Andrew Cogliano.
10:36 of 3rd period - Backhand shot by Colten Teubert.
10:36 of 3rd period - Shot Misses the Net.
11:11 of 3rd period - Snap shot by Chris Bourque.
11:11 of 3rd period - Deflect By Matt Read.
11:11 of 3rd period - Goal by Matt Read - Rangers : 1 - Penguins : 3.
11:12 of 3rd period - Steven Stamkos wins face-off versus Patrice Bergeron in neutral zone.
11:25 of 3rd period - Backhand shot by Wayne Simmonds.
11:25 of 3rd period - Stopped by Frederik Andersen with a rebound.
11:27 of 3rd period - Snap shot by Andrew Cogliano.
11:27 of 3rd period - Stopped by Frederik Andersen without a rebound.
11:28 of 3rd period - Ryan O'Reilly wins face-off versus Sean Couturier in Rangers zone.
11:39 of 3rd period - Slapshot by James Neal.
11:39 of 3rd period - Deflect By Kyle Okposo.
11:39 of 3rd period - Shot Misses the Net.
11:39 of 3rd period - Puck is out of play.
11:40 of 3rd period - Patrice Bergeron wins face-off versus Steven Stamkos in Penguins zone.
11:43 of 3rd period - Wrist shot by Milan Lucic.
11:43 of 3rd period - Goal by Milan Lucic - Rangers : 2 - Penguins : 3.
11:44 of 3rd period - Patrice Bergeron wins face-off versus Steven Stamkos in neutral zone.
11:48 of 3rd period - Off-side.
11:49 of 3rd period - Jakob Silfverberg wins face-off versus Steven Stamkos in neutral zone.
11:52 of 3rd period - Wayne Simmonds is hit by Jakob Silfverberg and loses puck.
11:59 of 3rd period - Slapshot by Jakob Silfverberg.
11:59 of 3rd period - Shot Blocked by Brady Skjei.
12:01 of 3rd period - Snap shot by Patrice Bergeron.
12:01 of 3rd period - Stopped by Michal Neuvirth without a rebound.
12:02 of 3rd period - Steven Stamkos wins face-off versus Patrice Bergeron in Penguins zone.
12:38 of 3rd period - Slapshot by Brady Skjei.
12:38 of 3rd period - Stopped by Frederik Andersen without a rebound.
12:39 of 3rd period - Steven Stamkos wins face-off versus Sean Couturier in Rangers zone.
12:48 of 3rd period - Wrist shot by Wayne Simmonds.
12:48 of 3rd period - Shot Misses the Net.
13:04 of 3rd period - David Booth is hit by Tomas Hertl and loses puck.
13:13 of 3rd period - Wrist shot by Chris Bourque.
13:13 of 3rd period - Stopped by Michal Neuvirth without a rebound.
13:14 of 3rd period - Patrice Bergeron wins face-off versus Steven Stamkos in Penguins zone.
13:31 of 3rd period - Snap shot by Patrice Bergeron.
13:31 of 3rd period - Stopped by Michal Neuvirth without a rebound.
13:32 of 3rd period - Ryan O'Reilly wins face-off versus Sean Couturier in Penguins zone.
13:59 of 3rd period - Brady Skjei is hit by Patrice Bergeron and loses puck.
14:24 of 3rd period - Snap shot by Keith Aulie.
14:24 of 3rd period - Deflect By Logan Couture.
14:24 of 3rd period - Shot Misses the Net.
14:24 of 3rd period - Puck is out of play.
14:25 of 3rd period - Ryan O'Reilly wins face-off versus Tomas Hertl in Rangers zone.
14:28 of 3rd period - Snap shot by Ryan O'Reilly.
14:28 of 3rd period - Shot Misses the Net.
14:30 of 3rd period - Slapshot by Christian Ehrhoff.
14:30 of 3rd period - Shot Misses the Net.
14:32 of 3rd period - Wrist shot by Ryan O'Reilly.
14:32 of 3rd period - Deflect By David Booth.
14:32 of 3rd period - Stopped by Frederik Andersen with a rebound.
14:34 of 3rd period - Slapshot by Roman Josi.
14:34 of 3rd period - Shot Misses the Net.
14:42 of 3rd period - Slapshot by Ryan O'Reilly.
14:42 of 3rd period - Deflect By Dustin Brown.
14:42 of 3rd period - Shot Misses the Net.
14:42 of 3rd period - Puck is out of play.
14:43 of 3rd period - Patrice Bergeron wins face-off versus Steven Stamkos in Rangers zone.
15:06 of 3rd period - Minor Penalty to Brady Skjei for Hooking.
15:07 of 3rd period - Patrice Bergeron wins face-off versus Steven Stamkos in Penguins zone.
15:10 of 3rd period - Slapshot by Patrice Bergeron.
15:10 of 3rd period - Stopped by Michal Neuvirth without a rebound.
15:11 of 3rd period - Steven Stamkos wins face-off versus Patrice Bergeron in Penguins zone.
15:11 of 3rd period - Steven Stamkos is hit by Jakob Silfverberg.
15:21 of 3rd period - Steven Stamkos is hit by Patrice Bergeron and loses puck.
15:28 of 3rd period - Slapshot by Milan Lucic.
15:28 of 3rd period - Stopped by Michal Neuvirth with a rebound.
17:06 of 3rd period - Penalty to Brady Skjei is over, Brady Skjei is back on ice.
17:16 of 3rd period - Matt Read is hit by Sean Zimmerman and loses puck.
18:13 of 3rd period - Milan Lucic is hit by Andrew Cogliano and loses puck.
19:02 of 3rd period - Eric Gryba is hit by Patrice Bergeron and loses puck.
19:05 of 3rd period - Rangers, Frederik Andersen is pulled from the net.
19:11 of 3rd period - Slapshot by Patrice Bergeron.
19:11 of 3rd period - Stopped by Michal Neuvirth with a rebound.
19:13 of 3rd period - Slapshot by Matt Greene.
19:13 of 3rd period - Deflect By Patrice Bergeron.
19:13 of 3rd period - Shot Misses the Net.
19:13 of 3rd period - Puck is out of play.
19:14 of 3rd period - Michel Therrien call a timeout for Rangers.
19:14 of 3rd period - Patrice Bergeron wins face-off versus Steven Stamkos in Penguins zone.
19:15 of 3rd period - Wrist shot by Milan Lucic.
19:15 of 3rd period - Stopped by Michal Neuvirth without a rebound.
19:16 of 3rd period - Patrice Bergeron wins face-off versus Steven Stamkos in Penguins zone.
19:47 of 3rd period - Snap shot by Andrew Cogliano.
19:47 of 3rd period - Shot Misses the Net.
19:49 of 3rd period - Wrist shot by Sean Zimmerman.
19:49 of 3rd period - Shot Misses the Net.
19:51 of 3rd period - Snap shot by Keith Aulie.
19:51 of 3rd period - Shot Misses the Net.
19:59 of 3rd period - Slapshot by Wayne Simmonds.
19:59 of 3rd period - Deflect By Steven Stamkos.
19:59 of 3rd period - Shot Blocked by Luke Schenn.
19:59 of 3rd period - Puck is out of play.
Goals for this period are 2 for Rangers vs 1 for Penguins.
Shots for this period are 13 for Rangers vs 17 for Penguins.